AoeStats
← [NICE_ASS] BigMasi

Black Forest

510174950Analyzed
4v4 RM · 2d ago on Sep 29, 2026· 33m 46s· 8 players
Game mode
Random Map
Map size
Large (8 player)
Population
200
Speed
Normal
Resources
Standard
Victory
Conquest
Starting age
Dark Age
Ending age
Imperial Age
RankedLock teamsTeams togetherTeam positionsShared explorationLock speedFull tech treeHidden civsTurbo modeCheats
Victory
Defeat
🇨🇭 Wei · Switzerland
1332
+6
🇩🇪 Japanese · Germany
1053
+15
🇦🇷 Huns · Argentina
1029
+16
🇮🇹 Byzantines · Italy
740
+26
🇷🇺 Saracens · Russia
1119
-19
🇷🇺 Persians · Russia
1045
-16
🇰🇿 Khmer · Kazakhstan
1014
-15
🇷🇺 Britons · Russia
959
-13
leonardodavinx
11:31 Feudal Age
16:23 Castle Age
16:22 Gold Mining
16:20 Double-Bit Axe
20:57 Scale Mail Armor
21:08 Forging
24:36 Chain Mail Armor
27:48 Bow Saw
28:38 Horse Collar
29:53 Heavy Plow
34:29 Imperial Age
[NICE_ASS] BigMasi
1:30 Loom
13:22 Feudal Age
13:56 Double-Bit Axe
14:37 Horse Collar
18:30 Castle Age
19:51 Bow Saw
20:18 Town Watch
21:13 Wheelbarrow
21:37 Heavy Plow
21:38 Gold Mining
21:54 Fishing Lines
24:15 Gold Shaft Mining
23:33 Stone Mining
25:39 Hand Cart
26:27 Town Watch
30:44 Imperial Age
29:33 Scale Barding Armor
31:07 Forging
31:40 Scale Mail Armor
BITCOIN_
9:56 Feudal Age
11:54 Horse Collar
12:17 Double-Bit Axe
18:47 Castle Age
16:37 Loom
17:55 Gold Mining
19:11 Scale Barding Armor
20:39 Wheelbarrow
21:25 Bow Saw
21:24 Heavy Plow
21:43 Forging
22:27 Bow Saw
23:22 Bloodlines
24:14 Iron Casting
26:53 Husbandry
28:21 Hand Cart
30:11 Gold Shaft Mining
29:29 Stone Mining
32:09 Chain Barding Armor
35:19 Imperial Age
CHFSwissMade
13:35 Feudal Age
18:35 Castle Age
16:25 Double-Bit Axe
19:19 Horse Collar
22:33 Bow Saw
26:46 Wheelbarrow
25:56 Loom
26:14 Padded Archer Armor
26:04 Fletching
28:40 Scale Mail Armor
28:50 Forging
28:56 Leather Archer Armor
28:31 Fletching
29:14 Scale Barding Armor
28:59 Fletching
29:59 Chain Mail Armor
29:43 Stone Mining
29:44 Gold Mining
31:47 Heavy Plow
33:38 Chain Barding Armor
33:53 Iron Casting
33:14 Bodkin Arrow
34:16 Hand Cart
shamix709
5:10 Loom
13:54 Feudal Age
14:45 Double-Bit Axe
21:12 Castle Age
20:10 Stone Mining
21:16 Forging
21:07 Scale Mail Armor
21:21 Fishing Lines
22:36 Iron Casting
21:31 Man-at-Arms
23:09 Bow Saw
22:41 Horse Collar
22:45 Long Swordsman
23:35 Gold Mining
23:43 Gillnets
26:00 Wheelbarrow
25:19 Arson
25:23 Gambesons
25:39 Squires
29:46 Heavy Plow
30:30 Chain Mail Armor
amirabd1994
3:43 Loom
11:37 Feudal Age
12:52 Wheelbarrow
12:10 Double-Bit Axe
13:58 Horse Collar
19:13 Castle Age
20:58 Bow Saw
20:49 Heavy Plow
22:00 Gold Mining
26:24 Hand Cart
27:25 Forging
27:16 Scale Mail Armor
27:50 Pikeman
30:21 Iron Casting
30:01 Chain Mail Armor
CH3COOH
11:23 Feudal Age
11:49 Double-Bit Axe
11:45 Horse Collar
19:28 Castle Age
18:54 Wheelbarrow
20:22 Bow Saw
20:13 Heavy Plow
22:27 Hand Cart
22:55 Gold Mining
29:00 Gold Shaft Mining
30:04 Fletching
gafilter
11:58 Feudal Age
13:05 Double-Bit Axe
13:05 Fishing Lines
13:08 Horse Collar
17:13 Wheelbarrow
20:02 Castle Age
19:03 Gold Mining
19:08 Stone Mining
21:08 Bow Saw
21:10 Caravan
22:27 Heavy Plow
22:38 Gillnets
24:29 Hand Cart
25:38 Kamandaran
26:10 Fletching
26:21 Padded Archer Armor
28:23 Bodkin Arrow
29:26 Fervor
29:34 Forging
29:25 Scale Mail Armor
30:22 Murder Holes
30:49 Ballistics
Connection lost

Rejoining the realm…

Still unreachable

The connection could not be restored.

Session expired

The server has moved on; the page needs a fresh start.